 Dungeon Crawl Stone Soup version 0.21.1-1-g345015fe64 (webtiles) character file.

66 Peloso the Shield-Bearer (level 3, -3/33 HPs)
             Began as a Minotaur Fighter on Feb 24, 2018.
             Slain by an ogre
             ... wielding a cursed +0 giant club
              (20 damage)
             ... on level 4 of the Dungeon.
             The game lasted 00:01:21 (944 turns).

Peloso the Shield-Bearer (Minotaur Fighter)          Turns: 944, Time: 00:01:22

Health: -3/33      AC:  7    Str: 20    XL:     3   Next: 96%
Magic:  2/2        EV:  5    Int:  5    God:
Gold:   57         SH:  9    Dex: 10    Spells: 2/2 levels left

rFire    . . .     SeeInvis .   a - +0 long sword
rCold    . . .     Gourm    .   c - +0 shield
rNeg     . . .     Faith    .   b - +0 scale mail
rPois    .         Spirit   .   (helmet restricted)
rElec    .         Reflect  .   (no cloak)
rCorr    .         Harm     .   (no gloves)
MR       .....                  (no boots)
Stlth    ..........             (no amulet)
HPRegen  0.11/turn              (no ring)
MPRegen  0.08/turn              (no ring)

@: constricted
A: retaliatory headbutt, horns 2
a: no special abilities


You were on level 4 of the Dungeon.
You were not hungry.

You visited 1 branch of the dungeon, and saw 3 of its levels.

You collected 57 gold pieces.

Inventory:

Hand Weapons
 a - a +0 long sword (weapon)
Armour
 b - a +0 scale mail (worn)
 c - a +0 shield (worn)
Scrolls
 e - 3 scrolls of fear {unknown}
 h - a scroll of identify {unknown}
 i - a scroll of teleportation {unknown}
 j - a scroll of enchant armour {unknown}
 k - a scroll of random uselessness {unknown}
 l - a scroll of magic mapping {unknown}
 m - a scroll of remove curse {unknown}
Potions
 d - a potion of might
 g - a potion of heal wounds {unknown}
 n - a potion of flight {unknown}
Comestibles
 f - 2 rations


   Skills:
 + Level 4.1 Fighting
 + Level 3.1 Long Blades
 + Level 4.3 Armour
 + Level 1.0 Dodging
 + Level 4.4 Shields


You had 2 spell levels left.
You didn't know any spells.

Dungeon Overview and Level Annotations

Branches:
Dungeon (2/15)

Altars:
Nemelex Xobeh


Innate Abilities, Weirdness & Mutations

You reflexively headbutt those who attack you in melee.
You have a pair of horns on your head.


Message History

The orc priest shouts!
The orc priest mumbles some strange prayers to Beogh against you.
Beogh smites you!
An orc and an orc wizard come into view.
The orc priest looks satisfied for a moment.
You see here a howler monkey corpse.
A worm comes into view.
The worm moves out of view.
An ogre comes into view. It is wielding a giant club.
An adder skeleton comes into view.
A ball python comes into view.
The ball python hisses angrily.
The orc priest miscasts a cantrip.
Found a stone staircase leading up.
You barely miss the ball python. You block the ball python's attack.
The ball python barely misses you. You block the ball python's attack.
The ball python grabs you. The ball python constricts you.
You closely miss the ball python. The ogre hits you with a giant club!!
Ouch! That really hurt!
You die...

#.......#
#.......###
#..##.....#
##w##.....#
#..#o..†.#
##.#.....#
#o.o....#
##Oo....#.
#@.Z.....
.<....S........
....###....#...#
.. ##...#...#
#...#.#.# ....
..... ##...#


You could see an ogre, a worm, an orc priest, 3 orcs, a ball python and an adder
skeleton.

Vanquished Creatures
  A howler monkey (D:4)
  A leopard gecko (D:1)
  3 ball pythons (D:1)
  2 bats (D:1)
  3 goblins (D:1)
  3 hobgoblins (D:1)
  4 jackals (D:2)
  A kobold (D:1)
  A frilled lizard (D:1)
  6 rats
25 creatures vanquished.

Notes
Turn   | Place    | Note
-------+----------+-------------------------------------------
     0 | D:1      | Peloso the Minotaur Fighter began the quest for the Orb.
     0 | D:1      | Reached XP level 1. HP: 19/19 MP: 0/0
   149 | D:1      | Reached XP level 2. HP: 27/27 MP: 1/1
   875 | D:2      | Found a sparkling altar of Nemelex Xobeh.
   897 | D:2      | Reached XP level 3. HP: 29/33 MP: 2/2
   919 | D:2      | You fall through a shaft for 2 floors!
   927 | D:4      | Reached skill level 1 in Dodging
   935 | D:4      | Noticed an ogre
   944 | D:4      | Slain by an ogre

Skill      XL: |  1  2  3 |
---------------+----------+-----
Armour         | 4 |  4.3
Shields        | 4 |  4.4
Fighting       | 4 |  4.1
Long Blades    | 3 |  3.1
Dodging        | 1 |  1.0

Action                   || total
-------------------------++-------
Melee: Long sword        ||    54
       Headbutt          ||    11
Armor: Scale mail        ||    28
Dodge: Dodged            ||    14
Block: Shield            ||    32
       Rpst.: Long sword ||     5
